 Dungeon Crawl Stone Soup version 0.31-a0-963-ga325b2283a (webtiles) character file.

Game seed: 14105574997981582689

910 LeprechaunX the Changeling (level 8, 0/54 HPs)
             Began as an Octopode Shapeshifter on Oct 25, 2023.
             Engulfed by a cloud of freezing vapour (12 damage)
             ... on level 5 of the Dungeon.
             The game lasted 00:05:10 (3799 turns).

LeprechaunX the Changeling (Octopode Shapeshifter)  Turns: 3799, Time: 00:05:11

Health: 0/54       AC:  1    Str: 13    XL:     8   Next: 8%
Magic:  8/8        EV: 13    Int: 13    God:
Gold:   204        SH:  5    Dex: 19    Spells: 7/7 levels left

rFire   x . .        a - +0 sling
rCold   + . .        (no shield)
rNeg    . . .        (helmet currently unavailable)
rPois   .            u - amulet of reflection
rElec   .            h - ring of resist corrosion
rCorr   +            m - +6 ring of dexterity
SInv    .            r - ring of ice
Will    .....        (no ring)
Stlth   +++          (no ring)
HPRegen 0.29/turn    (no ring)
MPRegen 0.11/turn    (no ring)
                     (no ring)

%: reflection
@: beast-form
A: beast (slay +3), almost no armour, amphibious, 8 rings, camouflage 1,
gelatinous body 1, (nimble swimmer 1), tentacles
a: Begin Untransformation


You were on level 5 of the Dungeon.
You were a hulking beast.
You visited 1 branch of the dungeon, and saw 5 of its levels.

You collected 204 gold pieces.

Inventory:

Hand Weapons
 a - a +0 sling (weapon)
Jewellery
 h - a ring of resist corrosion (left tentacle)
 m - a +6 ring of dexterity (right tentacle)
 r - a ring of ice (on tentacle)
 u - an amulet of reflection (around mantle)
Talismans
 b - a beast talisman
 c - a flux talisman
Wands
 n - a wand of charming (9)
 w - a wand of roots (5)
 y - a wand of polymorph (6)
Scrolls
 d - 2 scrolls of noise {unknown}
 e - 8 scrolls of identify {unknown}
 g - 3 scrolls of amnesia {unknown}
 j - a scroll of revelation {unknown}
 l - 2 scrolls of blinking {unknown}
 p - 2 scrolls of immolation {unknown}
 t - 2 scrolls of teleportation {unknown}
 A - a scroll of poison {unknown}
 C - a scroll of butterflies {unknown}
Potions
 f - a potion of curing {unknown}
 i - a potion of ambrosia {unknown}
 k - a potion of heal wounds {unknown}
 o - 2 potions of might {unknown}
 q - 2 potions of degeneration {unknown}
 s - a potion of brilliance {unknown}
 v - a potion of lignification
 x - a potion of mutation {unknown}
 z - a potion of invisibility {unknown}
 B - a potion of cancellation {unknown}


   Skills:
 + Level 4.0 Fighting
 - Level 2.0 Dodging
 + Level 5.0 Unarmed Combat
 + Level 3.6 Evocations
 * Level 6.1 Shapeshifting


You had 7 spell levels left.
You didn't know any spells.
Your spell library contained the following spells:

 Spells                   Type           Power      Damage    Failure   Level
 Sandblast                Erth           0%         2d4       30%         1
 Summon Small Mammal      Summ           0%         N/A       30%         1
 Passwall                 Tmut/Erth      0%         N/A       43%         2
 Call Canine Familiar     Summ           0%         N/A       67%         3
 Stone Arrow              Conj/Erth      0%         3d7       67%         3
 Summon Guardian Golem    Hex/Summ       0%         N/A       67%         3
 Brom's Barrelling Bould  Conj/Erth      0%         2d3       97%         4


Dungeon Overview and Level Annotations

Branches:
Dungeon (5/15)
 Temple: D:4-7

Altars:
Zin

Annotations:
D:4 2 runed translucent doors, Maxmaps's ghost, amateur OpSh


Innate Abilities, Weirdness & Mutations

You are a hulking beast.
Your limbs bulge with bestial killing power. (Slay +3)
You cannot wear most types of armour.
You are amphibious.
You can wear up to eight rings at the same time.
Your skin changes colour to match your surroundings (Stealth+).
Your rubbery body absorbs attacks. (AC +1, EV +1)
((You are camouflaged when in or above water. (Stealth+)))
You have tentacles for arms and can constrict up to eight enemies at once.


Message History

The black bear claws you. The black bear barely misses you.
You tentacle-slap the black bear but do no damage.
You squeeze the black bear.
The black bear is severely wounded.
You constrict the black bear. The black bear barely misses you.
The black bear closely misses you. The black bear claws you.
You bludgeon the black bear!
You kill the black bear!
Your Fighting skill increases to level 4!
Your Unarmed Combat skill increases to level 5!
Your Shapeshifting skill increases to level 6!
You have reached level 8!
a - a +0 sling (weapon)
There is a stone staircase leading up here.
Found a falchion.
You now have 204 gold pieces (gained 7).
You open the door.
There is an open door here.
Partly explored, can't reach some places.
Partly explored, can't reach some places.
Partly explored, can't reach some places.
Partly explored, can't reach some places.
Press: ? - help, v - describe, . - travel, g - get item Item here: 6 poisoned darts.
The floor.
Partly explored, can't reach some places.
Partly explored, can't reach some places.
Partly explored, can't reach some places.
You feel more attuned to ice.
r - a ring of ice (on tentacle)
You are engulfed in freezing vapours.
You resist.
You start resting.
HP restored.
You are engulfed in freezing vapours.
You resist.
You are engulfed in freezing vapours.
You resist.
You are engulfed in freezing vapours.
You resist.
You are engulfed in freezing vapours.
You resist.
* * * LOW HITPOINT WARNING * * *
You are engulfed in freezing vapours.
You resist.
You die...

########
###################.......
###################'####..
##§§§§§§§h.......○☼..###..
##.#####################..
##.......§§§§§§§[$(((###..
########################..
########################..
#....
######################
##.#..
.....................#
###..#..
#################....#
###....###


There were no monsters in sight!

Vanquished Creatures
  Eustachio (D:4)
  Menkaure (D:4)
  A black bear (D:5)
  An ogre (D:4)
  3 scorpions
  3 hounds
  2 sleepcaps
  An iguana (D:4)
  3 gnolls (D:4)
  4 adders
  A worm (D:4)
  2 dart slugs (D:1)
  An orc (D:4)
  2 endoplasms
  2 giant cockroaches
  7 goblins
  4 hobgoblins
  5 kobolds
  4 quokkas
  4 ball pythons
  4 bats
  5 frilled lizards
  5 rats
66 creatures vanquished.

Notes
Turn   | Place    | Note
-------+----------+-------------------------------------------
     0 | D:1      | LeprechaunX the Octopode Shapeshifter began the quest for
                  | the Orb.
     0 | D:1      | Reached XP level 1. HP: 13/13 MP: 1/1
   289 | D:1      | Reached XP level 2. HP: 18/18 MP: 2/2
   733 | D:1      | Reached XP level 3. HP: 21/23 MP: 3/3
  1056 | D:2      | Reached XP level 4. HP: 16/29 MP: 4/4
  1682 | D:3      | Reached skill level 4 in Shapeshifting
  1842 | D:3      | Found a glowing silver altar of Zin.
  1948 | D:4      | Reached XP level 5. HP: 11/34 MP: 5/5
  2045 | D:4      | Reached skill level 1 in Evocations
  2140 | D:4      | Found a runed translucent door.
  2142 | D:4      | Noticed an ogre
  2166 | D:4      | Noticed Menkaure
  2382 | D:4      | Noticed Eustachio
  2393 | D:4      | Killed Eustachio
  2394 | D:4      | Reached XP level 6. HP: 21/42 MP: 6/6
  2414 | D:4      | Reached skill level 5 in Shapeshifting
  2553 | D:4      | Killed Menkaure
  2554 | D:4      | Reached XP level 7. HP: 32/46 MP: 7/7
  2773 | D:4      | Found a runed translucent door.
  2774 | D:4      | Noticed Maxmaps's ghost (amateur OpSh)
  3034 | D:5      | Entered Level 5 of the Dungeon
  3582 | D:5      | Reached skill level 5 in Unarmed Combat
  3582 | D:5      | Reached skill level 6 in Shapeshifting
  3582 | D:5      | Reached XP level 8. HP: 41/54 MP: 8/8
  3799 | D:5      | Engulfed by a cloud of freezing vapour

Illustrated notes

Levels and vault maps discovered:
D:1:      eino_arrival_water_star, layout_basic, minmay_crystal_room
D:2:      layout_loops_cross
D:3:      layout_rooms, lemuel_tele_altar
D:4:      layout_rooms, ebering_ghost_sewer_f, uniq_menkaure, uniq_eustachio
D:5:      lemuel_ice_spiral_2, layout_rooms, hangedman_decor_lopped

Skill      XL: |  1  2  3  4  5  6  7 |
---------------+----------------------+-----
Fighting       | 2 3 4 |  4.0
Shapeshifting  | 4 5 6 |  6.1
Evocations     | 2 3 |  3.6
Unarmed Combat | 4 5 |  5.0
Dodging        | |  2.0

Action                     |  1- 3 |  4- 6 |  7- 9 || total
---------------------------+-------+-------+-------++-------
  Melee: Unarmed           |    54 |    49 |    32 ||   135
         Constrict         |    12 |    16 |     7 ||    35
         Tentacles         |     6 |    10 |    12 ||    28
         Punch             |     1 |     2 |       ||     3
   Fire: Sling             |       |    10 |    14 ||    24
   Stab: Sleeping          |     8 |     5 |     2 ||    15
 Armour: Skin              |    23 |    29 |    20 ||    72
  Dodge: Dodged            |    22 |    24 |    14 ||    60
  Block: Other             |       |     5 |     6 ||    11

Table legend: (Time is in decaauts)
 A = Elapsed time spent in this place.
 B = Non-inter-level travel time spent in this place.
 C = Inter-level travel time spent in this place.
 D = Time resting spent in this place.
 E = Time spent auto-exploring this place.
 F = Levels seen in this place.
 G = Mean time per level.
                   A        B        C        D        E       F      G
               +--------+--------+--------+--------+--------+-----+--------+
         Total |   3792 |   3679 |    113 |    501 |   2574 |   5 |  758.4 |
       Dungeon |   3792 |   3679 |    113 |    501 |   2574 |   5 |  758.4 |
               +--------+--------+--------+--------+--------+-----+--------+

Top non-repeatable levels by time:
     D:4: 1042 daAuts
     D:1: 858 daAuts
     D:5: 761 daAuts
     D:2: 648 daAuts
     D:3: 482 daAuts
